 Dungeon Crawl Stone Soup version 0.30.0-29-ga12c61a403 (webtiles) character file.

Game seed: 11108408454993502529

56731 UngaStrats the Marksdemigod (level 14, -4/126 HPs)
             Began as a Demigod Hunter on June 12, 2023.
             Slain by a swamp worm (11 damage)
             ... on level 1 of the Swamp.
             The game lasted 00:41:53 (18304 turns).

UngaStrats the Marksdemigod (Demigod Hunter)       Turns: 18304, Time: 00:41:53

Health: -4/126     AC:  8    Str: 12    XL:     14   Next: 9%
Magic:  17/17      EV: 36    Int: 14    God:
Gold:   1396       SH:  0    Dex: 33    Spells: 13/13 levels left

rFire   + . .        D - +0 longbow
rCold   + + .        (shield currently unavailable)
rNeg    . . .        C - +0 troll leather armour
rPois   .            U - +2 hat
rElec   .            n - scarf {rC+ rF+}
rCorr   .            y - +1 pair of gloves
SInv    +            (no boots)
Will    +....        (no amulet)
Stlth   +++          s - +5 ring of evasion
HPRegen 1.21/turn    v - ring of Oggautha {rC+ EV+5 Int+3 SInv}
MPRegen 0.15/turn

%: no passive effects
@: marked, hasted and slowed
A: high MP 1, forlorn, divine attributes
a: no special abilities


You were on level 1 of the Swamp.
You visited 4 branches of the dungeon, and saw 21 of its levels.

You collected 2234 gold pieces.
You spent 838 gold pieces at shops.

Inventory:

Hand Weapons
 D - a +0 longbow (weapon)
 R - a +0 arbalest
Missiles
 g - 7 throwing nets
Armour
 n - a scarf of resistance (worn)
 w - a +3 scale mail of cold resistance
 y - a +1 pair of gloves (worn)
 C - a +0 troll leather armour (worn)
 H - +0 acid dragon scales
 O - a +2 cloak
 U - a +2 hat (worn)
Jewellery
 p - a +4 ring of protection
 s - a +5 ring of evasion (left hand)
 u - a ring of protection from fire
 v - the ring of Oggautha (right hand) {rC+ EV+5 Int+3 SInv}
   (You found it on level 4 of the Dungeon)

   [ring of evasion]

   EV:        It affects your evasion (+5).
   Int:       It affects your intelligence (+3).
   rC:        It protects you from cold.
   SInv:      It lets you see invisible.
 J - a ring of protection from cold
Wands
 o - a wand of charming (28)
 z - a wand of digging (5)
 A - a wand of acid (35)
 B - a wand of iceblast (15)
 N - a wand of flame (26)
 P - a wand of mindburst (5)
 T - a wand of polymorph (13)
Scrolls
 b - 8 scrolls of immolation
 c - a scroll of amnesia
 d - 3 scrolls of torment
 e - 6 scrolls of teleportation
 q - 3 scrolls of blinking
 F - a scroll of silence
 I - 2 scrolls of enchant weapon
 K - 2 scrolls of enchant armour
 L - 3 scrolls of magic mapping
 M - a scroll of butterflies
 S - 2 scrolls of acquirement
 V - a scroll of identify
Potions
 a - a potion of resistance
 f - 6 potions of mutation
 h - 4 potions of attraction
 i - a potion of haste
 j - 7 potions of heal wounds
 k - 2 potions of ambrosia
 l - 6 potions of lignification
 m - 9 potions of curing
 r - a potion of might
 t - 7 potions of flight
 E - 4 potions of brilliance
 Q - 2 potions of berserk rage
 W - 2 potions of magic


   Skills:
 + Level 12.1 Fighting
 * Level 16.9 Ranged Weapons
 + Level 12.1 Dodging
 - Level 0.8 Stealth


You had 13 spell levels left.
You didn't know any spells.
Your spell library contained the following spells:

 Spells                   Type           Power      Damage    Failure   Level
 Freeze                   Ice            0%         1d3       36%         1
 Necrotise                Necr           0%         1d4       36%         1
 Cigotuvi's Dreadful Rot  Necr/Pois/Air  0%         N/A       50%         2
 Ensorcelled Hibernation  Hex/Ice        0%         N/A       50%         2
 Poisonous Vapours        Pois/Air       0%         N/A       50%         2
 Frozen Ramparts          Ice            0%         1d1       73%         3
 Hailstorm                Conj/Ice       0%         3d3       73%         3
 Ignite Poison            Fire/Tmut/Pois 0%         N/A       73%         3
 Mephitic Cloud           Conj/Pois/Air  0%         N/A       73%         3
 Portal Projectile        Hex/Tloc       0%         N/A       73%         3
 Spider Form              Tmut/Pois      0%         N/A       73%         3
 Tukima's Dance           Hex            0%         N/A       73%         3
 Vampiric Draining        Necr           0%         2d6       73%         3
 Anguish                  Hex/Necr       0%         N/A       98%         4
 Agony                    Necr           0%         N/A       100%        5
 Blade Hands              Tmut           0%         N/A       100%        5
 Freezing Cloud           Conj/Ice/Air   0%         6-21      100%        5


Dungeon Overview and Level Annotations

Branches:
Dungeon (14/15)            Temple (0/1) D:6            Lair (4/5) D:10
  Swamp (2/4) Lair:2        Snake (0/4) Lair:2        Slime (0/5) Lair:4
    Orc (1/2) D:11         Vaults (0/5) D:14

Shops:
D:1 [   D:9 :   D:11 *   D:12 :   D:14 ?

Portals:
Abyss: D:6

Annotations:
D:6 2 transporters, Nicoed's ghost, novice MiFi


Innate Abilities, Weirdness & Mutations

You have an increased reservoir of magic. (+10% MP)
You shall have no god before yourself.
Your divine heritage dramatically boosts your attributes as you level up.


Message History

The vampire mosquito draws strength from your injuries!
The swamp worm misses you.
You are too injured to fight recklessly!
You are too injured to fight recklessly!
Unknown command.
Fire: D) +0 longbow
Press: ? - help, Q - select action, (/) - cycle Shift-Dir - straight line, f/p - spriggan druid
Aim: a spriggan druid, wielding a +2 spectral quarterstaff and wearing a +0 robe (lightly wounded, 59% to hit)
You shoot an arrow. The arrow misses the spriggan druid.
The vampire mosquito bites you but does no damage.
The spriggan druid hits you with a +2 spectral quarterstaff.
The +2 spectral quarterstaff hits you. The vampire mosquito misses you.
The swamp worm bites you. The spriggan druid misses you.
The +2 spectral quarterstaff completely misses you.
The vampire mosquito completely misses you.
A +2 spectral quarterstaff comes into view.
Fire: D) +0 longbow
Press: ? - help, Q - select action, (/) - cycle Shift-Dir - straight line, f/p - spriggan druid
Aim: a spriggan druid, wielding a +2 spectral quarterstaff and wearing a +0 robe (lightly wounded, 59% to hit)
You shoot an arrow.
The arrow barely misses the spriggan druid.
The vampire mosquito bites you.
The vampire mosquito draws strength from your injuries!
The swamp worm closely misses you.
The vampire mosquito closely misses you.
The swamp worm completely misses you.
The spriggan druid hits you with a +2 spectral quarterstaff!!
* * * LOW HITPOINT WARNING * * *
The +2 spectral quarterstaff hits you!
* * * LOW HITPOINT WARNING * * *
Unknown command.
You feel yourself speed up. The vampire mosquito misses you.
The vampire mosquito completely misses you.
The swamp worm bites you!
* * * LOW HITPOINT WARNING * * *
The spriggan druid completely misses you.
The +2 spectral quarterstaff completely misses you.
The vampire mosquito completely misses you.
The swamp worm bites you!
You die...

♣♣♣.~~~~~..~~♣♣♣§
♣~.~~~~~§..~.♣♣..
♣♣..~~~~~~..§.♣...
♣♣~~.~~~~~§......#.
♣♣....~~~~~......#..
♣~.~§~~~~~~.~...##♣.
♣♣.~~~~~~~~..~♣.#...
♣i§~~~~~~~~~♣..#..♣
♣(@y~~~~§~~~......♣ ♣♣♣
♣w.†~~~.~......#..♣
♣♣~♣♣♣♣..~~....~♣...#..(
♣...♣♣♣~..~....♣♣♣..#...
♣~.~.♣♣♣♣♣....[~♣♣♣...#.
♣♣..~.~~.~♣..~♣♣♣ ♣♣..##
♣..~....§.~~~♣♣♣♣♣♣♣♣..#
♣♣♣≈♣...~~~~..~~~♣♣...♣♣..
♣♣≈≈≈♣♣...~~~~~~..♣♣~~.....


You could see a spriggan druid, a swamp worm, a vampire mosquito and a +2
spectral quarterstaff.

Vanquished Creatures
  A thorn hunter (Swamp:1)
  Kirke (D:12)
  An orc warlord (D:11)
  Harold (Lair:2)
  3 hydras
  7 vault guards
  3 two-headed ogres
  3 centaur warriors
  3 alligators (Swamp:1)
  2 boulder beetles
  2 death yaks (Lair:1)
  3 tengu warriors
  Urug (D:12)
  Nergalle (D:10)
  A bog body (Swamp:1)
  A wizard (D:14)
  Pikel (D:8)
  An ugly thing (D:12)
  A deep elf pyromancer (D:14)
  4 oklob plants (Lair:4)
  2 will-o-the-wisps (Swamp:1)
  2 manticores
  4 cyclopes
  3 black mambas
  2 torpor snails
  Joseph (D:8)
  3 gargoyles (D:11)
  6 cane toads
  2 unseen horrors
  A rime drake (Lair:2)
  2 tengu conjurers
  6 trolls
  A bloated husk (Swamp:1)
  A tyrant leech (Swamp:2)
  10 komodo dragons
  A polar bear (Lair:3)
  11 blink frogs
  12 slime creatures (D:12)
  2 wyverns
  A vampire (D:11)
  A hog (D:12)
  25 yaks
  3 steam dragons
  5 basilisks
  9 vampire mosquitoes
  4 swamp worms (Swamp:1)
  5 acid dragons
  16 water moccasins
  11 orc warriors
  3 black bears
  2 ice beasts (D:7)
  18 wolves
  4 centaurs
  An ogre (D:7)
  A lemure (D:8)
  10 bullfrogs
  4 kobold brigands
  2 gnoll sergeants
  4 scorpions
  3 wights (D:9)
  A water moccasin skeleton (D:5)
  10 killer bees (D:9)
  5 howler monkeys
  A bullfrog zombie (D:5)
  A hound (D:5)
  2 jellies
  A bullfrog skeleton (D:5)
  9 orc priests
  An iguana (D:6)
  2 sleepcaps (D:5)
  2 scorpion zombies (D:5)
  Ijyb (D:3)
  12 orc wizards
  A hound zombie (D:5)
  A hound skeleton (D:5)
  A howler monkey zombie (D:5)
  11 gnolls
  9 adders
  A white imp (D:6)
  2 ufetubi
  2 worms (D:2)
  A dart slug (D:2)
  56 orcs
  6 ball pythons
  A bat zombie (D:9)
  4 endoplasms
  3 giant cockroaches
  2 hobgoblins
  22 kobolds
  3 quokkas
  5 bats
  3 frilled lizards
  6 goblins
  3 rats
  2 rat zombies (D:9)
438 creatures vanquished.

Vanquished Creatures (others)
  An angel (D:8)
  A bog body (Swamp:1)
  A gargoyle (D:11)
  A swamp worm (Swamp:1)
  16 foxfires
20 creatures vanquished.

Grand Total: 458 creatures vanquished

Notes
Turn   | Place    | Note
-------+----------+-------------------------------------------
     0 | D:1      | UngaStrats the Demigod Hunter began the quest for the Orb.
     0 | D:1      | Reached XP level 1. HP: 17/17 MP: 3/3
    34 | D:1      | Found Jagon's Antique Armour Shoppe.
   197 | D:1      | Found Wineh's Antique Armour Shop.
   679 | D:2      | Reached XP level 2. HP: 24/24 MP: 4/4
   812 | D:2      | Reached skill level 4 in Ranged Weapons
   925 | D:2      | Reached XP level 3. HP: 29/29 MP: 5/5
  1364 | D:3      | Noticed Ijyb
  1368 | D:3      | Killed Ijyb
  1467 | D:3      | Reached XP level 4. HP: 21/37 MP: 6/6
  2047 | D:3      | Reached skill level 5 in Ranged Weapons
  2047 | D:3      | Reached XP level 5. HP: 44/44 MP: 7/7
  2082 | D:3      | You are sucked into a shaft and drop 2 floors!
  2082 | D:5      | Entered Level 5 of the Dungeon
  2873 | D:4      | Identified the ring of Oggautha {rC+ EV+5 Int+3 SInv}
  2972 | D:4      | Identified a scroll of acquirement
  2972 | D:4      | Acquired 614 gold pieces
  3042 | D:1      | Bought an embroidered scarf for 136 gold pieces
  3226 | D:5      | Reached XP level 6. HP: 40/51 MP: 8/8
  3684 | D:5      | Reached skill level 6 in Ranged Weapons
  3762 | D:5      | Reached XP level 7. HP: 58/58 MP: 9/9
  4218 | D:1      | Bought a shiny scale mail for 119 gold pieces
  4312 | D:6      | Noticed a steam dragon
  4322 | D:6      | Killed a steam dragon
  4323 | D:6      | Reached skill level 7 in Ranged Weapons
  4395 | D:6      | Found a transporter.
  4398 | D:6      | Noticed a small abomination
  4398 | D:6      | Noticed an ancient zyme
  4528 | D:6      | Reached XP level 8. HP: 55/67 MP: 10/10
  4630 | D:6      | Found a transporter.
  4671 | D:6      | Noticed a worldbinder
  4674 | D:6      | Found a one-way gate to the infinite horrors of the Abyss.
  4674 | D:6      | Noticed Nicoed's ghost (novice MiFi)
  4808 | D:6      | Reached skill level 5 in Fighting
  4899 | D:6      | Found a staircase to the Ecumenical Temple.
  4921 | D:6      | Noticed a toenail golem
  4963 | D:6      | Reached skill level 5 in Dodging
  4978 | D:6      | Noticed a cacodemon
  5067 | D:6      | Reached skill level 8 in Ranged Weapons
  5268 | D:7      | Noticed a +0 dagger
  5268 | D:7      | Noticed a +0 hand axe
  5734 | D:7      | Reached XP level 9. HP: 75/75 MP: 11/11
  5960 | D:8      | Reached skill level 9 in Ranged Weapons
  6142 | D:8      | Reached skill level 10 in Ranged Weapons
  6294 | D:8      | Noticed an angel
  6310 | D:8      | Noticed Joseph
  6323 | D:8      | Killed Joseph
  6419 | D:8      | Noticed Pikel
  6439 | D:8      | Killed Pikel
  6455 | D:8      | Reached XP level 10. HP: 70/86 MP: 13/13
  6931 | D:9      | Noticed a two-headed ogre
  7056 | D:8      | Killed an angel
  7090 | D:9      | Killed a two-headed ogre
  7317 | D:9      | Reached skill level 11 in Ranged Weapons
  7453 | D:9      | Found Miatta's Book Shoppe.
  8183 | D:10     | Entered Level 10 of the Dungeon
  8285 | D:10     | Noticed Nergalle
  8930 | D:10     | Found a staircase to the Lair.
  9200 | D:10     | Identified the +1 rapier of Efic {flame, *Rage rPois Str+3}
  9354 | D:10     | Killed Nergalle
  9455 | D:11     | Reached skill level 12 in Ranged Weapons
  9468 | D:11     | Noticed a manticore
  9492 | D:11     | Reached XP level 11. HP: 26/94 MP: 14/14
  9764 | D:11     | Found a staircase to the Orcish Mines.
  9818 | D:11     | Found Maocoscha's Assorted Antiques.
  9884 | D:11     | Bought a scroll of enchant weapon for 225 gold pieces
  9884 | D:11     | Bought a scroll of magic mapping for 225 gold pieces
 10764 | Orc:1    | Entered Level 1 of the Orcish Mines
 10779 | Orc:1    | Noticed an orc warlord
 11089 | D:11     | Killed an orc warlord
 11298 | D:12     | Noticed a two-headed ogre
 11304 | D:12     | Killed a two-headed ogre
 11498 | D:12     | Reached skill level 13 in Ranged Weapons
 11663 | D:12     | Noticed Urug
 11672 | D:12     | Killed Urug
 11820 | D:12     | Noticed Kirke
 11848 | D:12     | Noticed a lindwurm
 11848 | D:12     | Killed Kirke
 11930 | D:12     | Found Ulet's Book Shop.
 12035 | D:12     | Noticed a two-headed ogre
 12038 | D:12     | Killed a two-headed ogre
 12073 | D:12     | Reached XP level 12. HP: 106/106 MP: 15/15
 12187 | D:13     | Noticed a centaur warrior
 12194 | D:13     | Killed a centaur warrior
 12230 | D:13     | Noticed a centaur warrior
 12235 | D:13     | Killed a centaur warrior
 12269 | D:13     | Noticed a centaur warrior
 12287 | D:12     | Reached skill level 14 in Ranged Weapons
 12318 | D:12     | Reached skill level 10 in Fighting
 12334 | D:12     | Killed a centaur warrior
 12335 | D:12     | Reached skill level 10 in Dodging
 12673 | D:14     | Found Feziet's Magic Scroll Boutique.
 12678 | D:14     | Bought a scroll of torment for 133 gold pieces
 12762 | D:14     | Noticed a boulder beetle
 12773 | D:14     | Killed a boulder beetle
 12851 | D:14     | Found a gate to the Vaults.
 12851 | D:14     | Noticed a vault guard
 12851 | D:14     | Noticed a vault guard
 12851 | D:14     | Noticed a vault guard
 12851 | D:14     | Noticed a vault guard
 12851 | D:14     | Noticed a vault guard
 12851 | D:14     | Noticed a vault guard
 12851 | D:14     | Noticed a vault guard
 12853 | D:14     | Noticed a vault guard
 13219 | D:14     | Killed a vault guard
 13501 | D:14     | Killed a vault guard
 13522 | D:14     | Killed a vault guard
 13525 | D:14     | Killed a vault guard
 13539 | D:14     | Killed a vault guard
 13540 | D:14     | Reached skill level 15 in Ranged Weapons
 13592 | D:12     | HP: 3/108 [vault guard/+0 long sword (5)]
 13605 | D:12     | HP: 5/108 [vault guard/+0 long sword (10)]
 13612 | D:12     | Killed a vault guard
 13836 | D:14     | Killed a vault guard
 14116 | Lair:1   | Entered Level 1 of the Lair of Beasts
 14128 | Lair:1   | Reached XP level 13. HP: 115/115 MP: 16/16
 14952 | Lair:2   | Found a staircase to the Swamp.
 15182 | Lair:2   | Noticed Harold
 15190 | Lair:2   | Killed Harold
 15330 | Lair:2   | Found a staircase to the Snake Pit.
 15635 | Lair:2   | Reached skill level 16 in Ranged Weapons
 16959 | Lair:4   | Identified the +5 hand axe of Anguish {holy, Dex+6}
 17336 | Lair:4   | Found a staircase to the Slime Pits.
 17684 | Swamp:1  | Entered Level 1 of the Swamp
 17711 | Swamp:1  | Noticed a thorn hunter
 17755 | Swamp:1  | Killed a thorn hunter
 17894 | Swamp:1  | Reached XP level 14. HP: 106/126 MP: 17/17
 18295 | Swamp:2  | Noticed a thorn hunter
 18304 | Swamp:1  | Slain by a swamp worm

Illustrated notes

Levels and vault maps discovered:
D:1:      psy_arrival_terrarium, layout_loops_ring,
          shapermc_ecumenical_altar_ellora, serial_shops, shop_statue, shop
D:2:      layout_basic, basic_altar
D:3:      layout_loops_ring, nzn_wu_jian_council_hall,
          hangedman_abyss_or_decor_stabs, st_stairs_1,
          kennysheep_generic_room_3, uniq_ijyb
D:4:      layout_loops_cross, dreamdust_wishing_well
D:5:      layout_cave_pods, mainiacjoe_overflow_concentric_impassable,
          serial_undead, serial_undead_a, serial_undead_c, serial_undead_a,
          serial_undead_e
D:6:      layout_gridville, makhleb_altar_promises_db, temple_hall,
          gammafunk_ghost_abyssal_escape
D:7:      layout_loops_ring, dancing_weapons_uskayaw
D:8:      layout_basic, grunt_temple_overflow_order_and_chaos_1,
          mainiacjoe_overflow_boulevard, minmay_misc_feat_plants,
          corner_web_ring, uniq_joseph, uniq_pikel
D:9:      layout_basic, lemuel_zombie_altar_kikubaaqudgha, serial_shops, shop
D:10:     layout_cave_pools, lair_entry_dummy, minmay_unpleasant_kobolds,
          uniq_nergalle
D:11:     cheibrodos_statue_roulette, layout_stronghold, david_orc_4,
          serial_shops, nicolae_shop_real_fake_doors
D:12:     layout_roguey, serial_shops, kennysheep_little_box, uniq_kirke,
          uniq_urug
D:13:     layout_roguey
D:14:     layout_rooms, erik_vaults_2, corexii_hall_statues_s, serial_shops,
          shop
Lair:1:   layout_chaotic_city, serial_bayou_crossing
Lair:2:   layout_regular_city, swamp_mist_pool, dummy_snake_entry,
          grunt_megastairs_4, uniq_harold
Lair:3:   layout_misc_corridors, infiniplex_staircase_pool_2
Lair:4:   layout_roguey, minmay_slime_entry_oklob_enclosed
Swamp:1:  cheibrodos_swamp_tower_of_moss, layout_basic_swamp,
          evilmike_swamp_ruin_rubble_1, swamp_pool4
Swamp:2:  layout_falls_marsh, evilmike_swamp_ruin_house_3,
          infiniplex_staircase_pool
Orc:1:    layout_caves

Skill      XL: |  1  2  3  4  5  6  7  8  9 10 11 12 13 |
---------------+----------------------------------------+-----
Fighting       | 2 3 4 5 7 8 9 10 12 | 12.1
Dodging        | 2 3 4 5 7 8 9 10 12 | 12.1
Ranged Weapons | 4 5 6 7 8 10 12 13 15 16 | 16.9
Stealth        | |  0.8

Action                     |  1- 3 |  4- 6 |  7- 9 | 10-12 | 13-15 || total
---------------------------+-------+-------+-------+-------+-------++-------
   Fire: Shortbow          |    86 |   174 |   337 |   449 |       ||  1046
         Arbalest          |       |       |       |   152 |       ||   152
         Longbow           |       |       |       |   255 |   600 ||   855
    Use: Scroll            |     7 |     5 |     4 |    12 |     5 ||    33
         Potion            |       |       |       |     7 |     1 ||     8
 Armour: Leather armour    |    11 |    15 |     5 |       |       ||    31
         Steam dragon scal |       |       |    18 |    13 |       ||    31
         Scale mail        |       |       |     1 |       |       ||     1
         Troll leather arm |       |       |       |    28 |    25 ||    53
  Dodge: Dodged            |    20 |    63 |   210 |   625 |   568 ||  1486
